 Seeded DCSS version 0.29.1-13-g9f3cf754e1 (webtiles) character file.

Game seed: 16245865983455551772 (custom seed)

7 Trevise the Firebug (level 1, 10/10 HPs)
             Began as a Deep Elf Fire Elementalist on Jan 24, 2023.
             Quit the game on level 1 of the Dungeon.
             The game lasted 00:02:27 (470 turns).

Trevise the Firebug (Deep Elf Fire Elementalist)     Turns: 470, Time: 00:02:27

Health: 10/10      AC:  4    Str:  8    XL:     1   Next: 91%
Magic:  6/6        EV: 12    Int: 19    God:
Gold:   584        SH:  0    Dex: 10    Spells: 5/6 levels left

rFire   . . .      SeeInvis +   b - +0 dagger
rCold   . . .      Faith    .   (no shield)
rNeg    . . .      Spirit   .   a - +0 robe
rPois   .          Reflect  .   (no helmet)
rElec   .          Harm     .   (no cloak)
rCorr   +          Rampage  .   c - +1 pair of gloves of Doohal {Will+ rCorr}
Will    ++...                   (no boots)
Stlth   ++........              (no amulet)
HPRegen 0.03/turn               e - ring "Kymucreo" {Will+ rCorr Str+3 Dex-5 SInv}
MPRegen 0.10/turn               (no ring)

@: no status effects
A: no striking features
a: no special abilities


You were on level 1 of the Dungeon.
You visited 1 branch of the dungeon, and saw 1 of its levels.

You collected 584 gold pieces.

Inventory:

Hand Weapons
 b - a +0 dagger (weapon)
   (You took it off a goblin on level 1 of the Dungeon)
Missiles
 s - 6 stones
Armour
 a - a +0 robe (worn)
 c - the +1 pair of gloves of Doohal (worn) {Will+ rCorr}
   (You acquired it on level 1 of the Dungeon)

   rCorr:     It protects you from acid and corrosion.
   Will:      It increases your willpower.
Jewellery
 e - the ring "Kymucreo" (left hand) {Will+ rCorr Str+3 Dex-5 SInv}
   (You acquired it on level 1 of the Dungeon)

   [ring of willpower]

   Str:       It affects your strength (+3).
   Dex:       It affects your dexterity (-5).
   SInv:      It lets you see invisible.
   rCorr:     It protects you from acid and corrosion.
   Will:      It increases your willpower.
Potions
 d - 2 potions of flight {unknown}
 M - a potion of magic


   Skills:
 + Level 2.6 Dodging
 + Level 2.6 Stealth
 + Level 3.1 Spellcasting
 + Level 1.3 Conjurations
 + Level 3.4 Fire Magic


You had 5 spell levels left.
You knew the following spells:

 Your Spells              Type           Power      Damage    Failure   Level
a - Foxfire               Conj/Fire      48%        2x1d6     5%          1

Your spell library contained the following spells:

 Spells                   Type           Power      Damage    Failure   Level
 Scorch                   Fire           32%        2d7       5%          2
 Conjure Flame            Conj/Fire      12%        6-21      17%         3
 Inner Flame              Hex/Fire       9%         N/A       22%         3
 Flame Wave               Conj/Fire      12%        2d6       50%         4


Dungeon Overview and Level Annotations

Branches:
Dungeon (1/15)

Altars:


Message History

The sling bullet barely misses the quokka.
The sling bullet closely misses the goblin.
You shoot a sling bullet. The sling bullet hits the quokka.
You kill the quokka!
You are now empty-handed.
You drop a +0 sling.
The goblin barely misses you.
You closely miss the goblin. The goblin misses you.
You barely miss the goblin. The goblin barely misses you.
You conjure some foxfire!
The goblin completely misses you.
You now have 5/6 mp.
The foxfire hits the goblin. x2
You kill the goblin!
You see here a +0 sling.
b - a +0 dagger You see here a goblin corpse.
b - a +0 dagger (weapon)
An endoplasm comes into view.
MP restored: 6 An endoplasm is nearby!
You conjure some foxfire!
You now have 5/6 mp.
You conjure some foxfire!
You now have 4/6 mp.
An endoplasm is nearby!
You conjure some foxfire!
The foxfire hits the endoplasm. x2
You kill the endoplasm!
You now have 3/6 mp.
c - 3 scrolls labelled WAC GOIFOFITOUPLEC MP restored: 6
s - 6 stones A ball python comes into view.
A ball python is nearby!
You conjure some foxfire!
You now have 5/6 mp.
You conjure some foxfire!
The foxfire hits the ball python.
You kill the ball python!
You now have 4/6 mp.
You now have 10 gold pieces.
d - 2 cyan potions No target in view!
MP restored: 6
Found a faded altar of an unknown god.
No target in view!
No target in view!
There is a faded altar of an unknown god here.
You open the door.
A rat and an endoplasm come into view.
You conjure some foxfire!
You now have 5/6 mp.
You miscast Foxfire.
You are very lightly contaminated with residual magic.
Nothing appears to happen.
The foxfire hits the endoplasm.
The endoplasm quivers.
You now have 4/6 mp.
There is an open door here.
You barely miss the endoplasm. The endoplasm hits you.
You take 3 damage, and have 7/10 hp.
MASSIVE DAMAGE!!
The endoplasm attacks as you move away! The endoplasm barely misses you.
You hit the endoplasm. The endoplasm freezes you.
You are frozen.
You take 2 damage, and have 5/10 hp.
You are too injured to fight recklessly!
You are too injured to fight recklessly!
You are too injured to fight recklessly!
You conjure some foxfire!
The endoplasm freezes you.
You are frozen.
* * * LOW HITPOINT WARNING * * *
Your magical contamination has completely faded away.
You take 2 damage, and have 3/10 hp.
You now have 3/6 mp.
The foxfire hits the endoplasm.
You kill the endoplasm!
You conjure some foxfire!
The foxfire hits the rat but does no damage.
The foxfire hits the rat.
You kill the rat!
You start resting.
Health restored: 10; MP restored: 6 This is a scroll of acquirement!
Something appears at your feet!
e - the ring "Kymucreo" {Will+ rCorr Str+3 Dex-5 SInv} You feel stronger.
You feel clumsy.
e - the ring "Kymucreo" (left hand) {Will+ rCorr Str+3 Dex-5 SInv} Something appears at your feet!
You now have 584 gold pieces (gained 574).
There are no items here.
Something appears at your feet!
c - the +1 pair of gloves of Doohal {Will+ rCorr}
There are no items here.
You start putting on your armour.
You continue putting on the +1 pair of gloves of Doohal {Will+ rCorr}. x4
You finish putting on the +1 pair of gloves of Doohal {Will+ rCorr}.
Okay, then.
You see here a rat skeleton.
There is an open door here.
You open the door.
There is an open door here.
A frilled lizard comes into view.

..####....####.........####.#.###
)............+.........'รท..###..#
.#####....####.........##.## ##_#
.# #.#.## ##.......####.###.## ##
#.### ##.....## ##.#..# # #.#
##...## ##.#.# # #.# ##'## ###.# #
#.# #######.# #.# # #.# #...(@#.#
#.# # ..l.###.#.#### #.# # #
#......# #.# # #......# #.# #
........#.# # ###.##.##.# ... #.#
. #### #.# ## #.#


You could see a frilled lizard (asleep).

Vanquished Creatures
  A ball python (D:1)
  2 endoplasms (D:1)
  A goblin (D:1)
  A quokka (D:1)
  A rat (D:1)
6 creatures vanquished.

Vanquished Creatures (others)
  15 foxfires (D:1)
15 creatures vanquished.

Grand Total: 21 creatures vanquished

Notes
Turn   | Place    | Note
-------+----------+-------------------------------------------
     0 | D:1      | Trevise the Deep Elf Fire Elementalist began the quest for
                  | the Orb.
     0 | D:1      | Reached XP level 1. HP: 10/10 MP: 6/6
   192 | D:1      | Found a faded altar of an unknown god.
   433 | D:1      | Identified 3 scrolls of acquirement
   433 | D:1      | Acquired the ring "Kymucreo" {Will+ rCorr Str+3 Dex-5 SInv}
   436 | D:1      | Acquired 574 gold pieces
   439 | D:1      | Acquired the +1 pair of gloves of Doohal {Will+ rCorr}
   470 | D:1      | Quit the game

Illustrated notes

Levels and vault maps discovered:
D:1:      minmay_arrival_hallway, layout_loops_corners, basic_ecumenical_altar,
          minmay_unequal

Action                   || total
-------------------------++-------
Melee: Dagger            ||     2
       Unarmed           ||     2
 Fire: Sling             ||     4
 Cast: Foxfire           ||     9
  Use: Scroll            ||     3
Dodge: Dodged            ||     5

Table legend: (Time is in decaauts)
 A = Elapsed time spent in this place.
 B = Non-inter-level travel time spent in this place.
 C = Inter-level travel time spent in this place.
 D = Time resting spent in this place.
 E = Time spent auto-exploring this place.
 F = Levels seen in this place.
 G = Mean time per level.
                   A        B        C        D        E       F      G
               +--------+--------+--------+--------+--------+-----+--------+
         Total |    470 |    470 |      0 |    211 |    205 |   1 |  470.0 |
       Dungeon |    470 |    470 |      0 |    211 |    205 |   1 |  470.0 |
               +--------+--------+--------+--------+--------+-----+--------+

Top non-repeatable levels by time:
     D:1: 470 daAuts

Table legend:
 A = Kills in this place as a percentage of kills in entire the game.
 B = Kills by you in this place as a percentage of kills by you in the entire game.
 C = Kills by friends in this place as a percentage of kills by friends in the entire game.
 D = Other kills in this place as a percentage of other kills in the entire game.
 E = Experience gained in this place as a percentage of experience gained in the entire game.
 F = Experience gained in this place divided by the number of levels of this place that you have seen.
                   A       B       C       D       E      F
               +-------+-------+-------+-------+-------+----------------------
         Total | 100.0 | 100.0 |   N/A |   N/A | 100.0 |  11.0
       Dungeon | 100.0 | 100.0 |   N/A |   N/A | 100.0 |  11.0
               +-------+-------+-------+-------+-------+----------------------
